cohdb
Replays
Latest Replays
All Replays
Popular Replays
Top Player Replays
Match Explorer
How It Works
Community
CoH3 Stats
Reddit
Sign in to upload your games and track your stats! →
Sign in with Steam
Match 38143812
Unlisted
Match 38143812
Overview
Messages
Build Orders
End
Kradschützen Motorcycle Team
Panzergrenadier Squad
Panzerpioneer Squad
Selects Italian Infantry
Construct Light Support Kompanie
2.5-tonne Medical Truck
Selects Defensive Operations
Combat Half-tracks
Fire Support Elements
le.IG 18 Mechanized Group
Tungsten Core Ammunition
2.5-tonne Medical Truck
Vehicle Survival Package
Advanced Field Repairs
Selects Prepared Positions
Construct Mechanized Kompanie
Veteran Squad Leaders
Marder III Tank Destroyer
Selects Guastatori Squad
Guastatori Squad
Selects Registered Artillery
Marder III Tank Destroyer
Registered Artillery
Construct Panzerarmee Kommand
Armored Reserves
Selects Obice 305mm Barrage
Rapid Advance
Registered Artillery
Obice 305mm Barrage
Registered Artillery
StuG Assault Group
Obice 305mm Barrage
Selects Towed Cannone da 105/28 Field Howitzer
Advanced Optics
Emergency Repair Kits
Obice 305mm Barrage
Guastatori Squad
Tiger Heavy Tank
2.5-tonne Medical Truck
Assault Grenadier Squad
Obice 305mm Barrage
Flak 36 Anti-tank Gun Team
Guastatori Squad
Pulu Prime
Bighazelnut
ljodnster
dandori
0
0
Comments
sign in to comment!
No comments posted yet!